 Dungeon Crawl Stone Soup version 0.31-a0-236-g9a0961fb85 (webtiles) character file.

Game seed: 14733961800848219057

526 qw the Shooter (level 7, -3/41 HPs)
             Began as a Gargoyle Hexslinger on July 10, 2023.
             Was an Initiate of Okawaru.
             Slain by an orc warrior
             ... wielding a +0 battleaxe
              (19 damage)
             ... on level 4 of the Dungeon.
             The game lasted 00:01:41 (2872 turns).

qw the Shooter (Gargoyle Hexslinger)                Turns: 2872, Time: 00:01:42

Health: -3/41      AC: 10    Str: 11    XL:     7   Next: 23%
Magic:  8/8        EV: 10    Int: 14    God:    Okawaru [......]
Gold:   191        SH:  0    Dex: 14    Spells: 7/8 levels left

rFire   . . .        b - +1 sling (heavy)
rCold   . . .        (no shield)
rNeg    + . .        h - +0 ring mail
rPois   inf          (no helmet)
rElec   +            (no cloak)
rCorr   .            (no gloves)
SInv    .            (no boots)
Will    .....        (no amulet)
Stlth   +            (no ring)
HPRegen 0.26/turn    (no ring)
MPRegen 0.11/turn

%: no passive effects
@: no status effects
A: sickness immunity, AC +4, negative energy resistance 1, electricity
resistance, torment resistance 1, petrification resistance
a: Renounce Religion


You were on level 4 of the Dungeon.
You worshipped Okawaru.
Okawaru was noncommittal.
You visited 2 branches of the dungeon, and saw 5 of its levels.
You also visited: Sewer.

You collected 191 gold pieces.


Innate Abilities, Weirdness & Mutations

You are immune to sickness and miasma.
Your stone body is resilient. (AC +4)
You are immune to poison.
You resist negative energy. (rN+)
You are resistant to electric shocks. (rElec)
You are resistant to unholy torment.
You are immune to petrification.


   Skills:
 - Level 3.4 Fighting
 + Level 5.3 Ranged Weapons
 - Level 4.6 Armour
 - Level 1.5 Dodging
 - Level 1.0 Spellcasting
 - Level 2.6 Hexes


You had 7 spell levels left.
You knew the following spells:

 Your Spells              Type           Power      Damage    Failure   Level
a - Slow                  Hex            32%        N/A       19%         1

Your spell library contained the following spells:

 Spells                   Type           Power      Damage    Failure   Level
 Inner Flame              Hex/Fire       4%         N/A       69%         3
 Portal Projectile        Hex/Tloc       8%         N/A       69%         3
 Cause Fear               Hex            4%         N/A       88%         4

Inventory:

Hand Weapons
 b - a +1 heavy sling (weapon)
Armour
 h - a +0 ring mail (worn)
Scrolls
 a - 2 scrolls of teleportation
 f - 2 scrolls of identify
Potions
 c - a potion of invisibility {unknown}
 d - a potion of curing
 e - a potion of resistance {unknown}
 g - a potion of heal wounds

Dungeon Overview and Level Annotations

Branches:
Dungeon (4/15)             Temple (1/1) D:4           Sewer (visited)

Altars:
Elyvilon
Fedhas
Hepliaklqana
Kikubaaqudgha
Nemelex Xobeh
Okawaru
Qazlal
Sif Muna
Vehumet
Wu Jian
Xom
Yredelemnul
Zin
The Shining One


Message History

Enter note:
Enter note:
Enter note:
Enter note:
Enter note:
Enter note:
Enter note: You shoot a sling bullet.
The sling bullet hits the orc!
You kill the orc!
Okawaru accepts your kill.
A jelly comes into view.
You shoot a sling bullet.
The sling bullet closely misses the orc priest.
The sling bullet closely misses the orc.
The orc priest mumbles some strange prayers to Beogh against you.
Beogh smites you!
You shoot a sling bullet. The sling bullet hits the orc priest.
The orc priest is lightly wounded.
The orc priest hits you with a +0 hand axe.
You shoot a sling bullet.
The sling bullet closely misses the orc priest.
The orc priest closely misses you. The jelly hits you but does no damage.
The orc warrior barely misses you.
The orc warrior hits you with a +0 battleaxe.
The jelly closely misses you.
The orc priest looks satisfied for a moment.
You shoot a sling bullet. The sling bullet hits the orc priest.
The orc priest is moderately wounded.
The orc priest hits you but does no damage.
The orc warrior closely misses you. The jelly hits you but does no damage.
The jelly barely misses you.
The orc warrior hits you with a +0 battleaxe!
The orc priest hits you but does no damage.
You shoot a sling bullet.
The sling bullet closely misses the orc priest.
The orc priest hits you but does no damage.
The jelly hits you but does no damage.
The orc warrior hits you with a +0 battleaxe.
The orc warrior hits you with a +0 battleaxe!!
You die...

#...##.....##
#...#.......#
+...'....)..#
#...#.......#
##...##.....##
##....###...##
####...#...#####
#......#......
#o@o...#.......
##J#####.......
..o. ........
....... .......
.........<
...........
............
#######+#####


You could see an orc warrior, a jelly, an orc priest and an orc.

Vanquished Creatures
  Sigmund (D:2)
  A phantom (D:4)
  A kobold brigand (Sewer)
  8 adders
  An ufetubus (D:4)
  A worm (D:2)
  2 dart slugs
  8 orcs
  8 bats
  7 endoplasms
  10 giant cockroaches
  12 goblins
  4 hobgoblins
  7 jackals
  3 quokkas
  8 ball pythons
  7 frilled lizards
  22 kobolds
  10 rats
121 creatures vanquished.

Notes
Turn   | Place    | Note
-------+----------+-------------------------------------------
     0 | D:1      | qw the Gargoyle Hexslinger began the quest for the Orb.
     0 | D:1      | Reached XP level 1. HP: 12/12 MP: 2/2
     0 | D:1      | 0 ||| qw: Version: 0.3-a-52-g30416fa
     0 | D:1      | 0 ||| qw: Game counter: 4644
     0 | D:1      | 0 ||| qw: Melee chars always use a shield: true
     0 | D:1      | 0 ||| qw: God list: Okawaru
     0 | D:1      | 0 ||| qw: Allow faded altars: false
     0 | D:1      | 0 ||| qw: Do Orc after clearing Dungeon:15 true
     0 | D:1      | 0 ||| qw: Do second Lair branch before Depths: true
     0 | D:1      | 0 ||| qw: Lair rune preference: random
     0 | D:1      | 0 ||| qw: Goals: Normal
     0 | D:1      | 0 ||| PLANNING D:1-11
   114 | D:1      | Reached XP level 2. HP: 16/16 MP: 3/3
   179 | D:1      | Reached skill level 3 in Ranged Weapons
   255 | D:1      | Reached XP level 3. HP: 21/21 MP: 4/4
   626 | D:1      | 626 ||| UPGRADING to +0 ring mail.
   636 | D:1      | 636 ||| DROPPING +0 robe.
   637 | D:1      | 637 ||| READING scroll labelled OLOMMO FATODAM.
   654 | D:1      | 654 ||| READING 2 scrolls labelled QUEMPUHIOG.
   655 | D:1      | 655 ||| READING scroll labelled URIFIR BEIXAXOG.
   656 | D:1      | 656 ||| DROPPING scroll of poison.
   699 | D:2      | 699 ||| STAIRDANCE
   739 | D:2      | Reached XP level 4. HP: 24/26 MP: 5/5
   745 | D:2      | Reached skill level 4 in Ranged Weapons
   810 | D:2      | Noticed Sigmund
   812 | D:2      | 812 ||| FLEEEEING.
   813 | D:2      | 813 ||| FLEEEEING.
   817 | D:2      | 817 ||| STAIRDANCE
   856 | D:2      | HP: 2/26 [something (8)]
   857 | D:2      | Killed Sigmund
   858 | D:2      | Reached XP level 5. HP: 2/30 MP: 6/6
   858 | D:2      | Reached XP level 6. HP: 3/35 MP: 7/7
  1345 | D:2      | 1345 ||| DROPPING +6 ring of intelligence.
  1346 | D:2      | 1346 ||| READING scroll labelled GOIHUA JAIRAE.
  1858 | D:3      | 1858 ||| READING scroll labelled FULIAS DUDA.
  1859 | D:3      | 1859 ||| READING scroll labelled CYANIH XEUJOWAC.
  1860 | D:3      | 1860 ||| READING 2 scrolls labelled TILOMI YCWEST.
  1861 | D:3      | 1861 ||| READING scroll labelled ESAIHU YVAOCE.
  1862 | D:3      | 1862 ||| DRINKING 2 silvery potions.
  1907 | D:3      | 1907 ||| READING 2 scrolls of identify.
  1907 | D:3      | 1907 ||| IDENTIFYING smoky brown potion
  1908 | D:3      | 1908 ||| DROPPING potion of brilliance.
  1909 | D:3      | 1909 ||| DROPPING potion of lignification.
  1910 | D:3      | 1910 ||| DROPPING scroll of blinking.
  1954 | D:4      | 1954 ||| PLANNING SEWER
  2021 | D:4      | Found a glowing drain.
  2022 | D:4      | 2022 ||| READING 2 scrolls of identify.
  2022 | D:4      | 2022 ||| IDENTIFYING red potion
  2026 | D:4      | 2026 ||| Stepping ~*~*~tactically~*~*~ (water).
  2042 | Sewer    | Entered a sewer
  2080 | Sewer    | HP: 8/35 [kobold brigand/+0 club (2)]
  2082 | Sewer    | Reached skill level 5 in Ranged Weapons
  2270 | Sewer    | 2270 ||| READING 3 scrolls labelled KORU JECLUX.
  2354 | Sewer    | 2354 ||| Stepping ~*~*~tactically~*~*~ (water).
  2463 | Sewer    | 2463 ||| READING scroll labelled OPNOATR JAHI.
  2464 | Sewer    | 2464 ||| DRINKING 2 fuming silvery potions.
  2472 | D:4      | 2472 ||| PLANNING D:1-11
  2492 | D:4      | Found a staircase to the Ecumenical Temple.
  2493 | D:4      | 2493 ||| PLANNING TEMPLE
  2501 | Temple   | Entered the Ecumenical Temple
  2502 | Temple   | 2502 ||| PLANNING OKAWARU WORSHIP
  2572 | Temple   | Became a worshipper of Warmaster Okawaru
  2573 | Temple   | 2573 ||| PLANNING D:1-11
  2682 | D:4      | Reached skill level 3 in Fighting
  2682 | D:4      | Reached XP level 7. HP: 33/41 MP: 8/8
  2872 | D:4      | Slain by an orc warrior

Levels and vault maps discovered:
D:1:      onia_arrival_handbag, layout_basic, minmay_tetromino_l4
D:2:      layout_rooms, st_stairs_2, grunt_ministairs_2, uniq_sigmund
D:3:      layout_basic, grunt_ministairs_12
D:4:      kennysheep_six_static_rooms, layout_gridville,
          lemuel_temple_firewalk_b, portal_sewer_entry_f, chequers_avenue
Temple:   zaba_magenta_temple

Skill      XL: |  1  2  3  4  5  6 |
---------------+-------------------+-----
Ranged Weapons | 3 4 5 |  5.3
Fighting       | 2 3 |  3.4
Armour         | 4 |  4.6
Dodging        | |  1.5
Spellcasting   | |  1.0
Hexes          | |  2.6

Action                     |  1- 3 |  4- 6 |  7- 9 || total
---------------------------+-------+-------+-------++-------
   Fire: Sling             |   113 |   267 |    31 ||   411
    Use: Scroll            |     3 |     9 |       ||    12
         Potion            |       |     2 |       ||     2
 Armour: Robe              |    16 |       |       ||    16
         Ring mail         |    15 |   144 |    38 ||   197
  Dodge: Dodged            |    43 |   147 |    41 ||   231

Table legend:
 A = Non-vault XP
 B = Vault XP
 C = Vault XP percentage of total XP
 D = Non-vault monster count
 E = Vault monster count
 F = Vault count percentage of total count
                 A         B        C        D         E       F
            +---------+---------+-------+---------+---------+-------
      Total |     210 |     542 |  72.1 |      70 |      51 |  42.1
            +---------+---------+-------+---------+---------+-------
        D:1 |      55 |       8 |  12.7 |      26 |       7 |  21.2
        D:2 |      75 |     265 |  77.9 |      17 |       6 |  26.1
        D:3 |      46 |       3 |   6.1 |      16 |       2 |  11.1
        D:4 |      34 |     134 |  79.8 |      11 |       9 |  45.0
      Sewer |       0 |     132 | 100.0 |       0 |      27 | 100.0
            +---------+---------+-------+---------+---------+-------
